 Dungeon Crawl Stone Soup version 0.25-a0-774-g40ae2d4f90 (webtiles) character file.

Game seed: 8716663645652818032, levelgen mode: deterministic

415 Joeren the Insei (level 6, 0/30 HPs)
             Began as a Vine Stalker Transmuter on Apr 14, 2020.
             Succumbed to a scorpion's poison
             ... on level 4 of the Dungeon.
             The game lasted 00:25:36 (3613 turns).

Joeren the Insei (Vine Stalker Transmuter)          Turns: 3613, Time: 00:25:36

Health: 0/30       AC:  3    Str: 10 (13) XL:     6   Next: 92%
Magic:  12/12      EV: 13    Int: 13 (14) God:
Gold:   241        SH:  0    Dex: 12 (15) Spells: 8/12 levels left

rFire    + . .     SeeInvis .     - Unarmed
rCold    + . .     Gourm    .   (no shield)
rNeg     . . .     Faith    .   b - +0 robe
rPois    +         Spirit   +   (helmet restricted)
rElec    +         Reflect  .   u - +0 cloak
rCorr    +         Harm     .   (no gloves)
MR       .....                  (no boots)
Stlth    +.........             (no amulet)
HPRegen  0.50/turn              (no ring)
MPRegen  0.13/turn              (no ring)

@: confused, mighty, brilliant, lethally poisoned (0 -> -1), resistant, stab,
flying, hasted, very quick
A: fangs 2, horns 1, deterioration 1, regeneration 1, magic shield, antimagic
bite, no potion heal 3, rot immunity
a: no special abilities


You were on level 4 of the Dungeon.
You were hungry.

You visited 1 branch of the dungeon, and saw 5 of its levels.

You collected 241 gold pieces.

Inventory:

Hand Weapons
 a - a +0 hunting sling
 l - a cursed -1 dagger
 y - a +0 lajatang
Missiles
 k - 12 arrows
 m - 112 stones (quivered)
 r - 7 poisoned darts
 s - 18 sling bullets
Armour
 b - a +0 robe (worn)
 u - a +0 cloak (worn)
Jewellery
 j - a cursed ring of teleportation
Scrolls
 c - a scroll of fear {unknown}
 g - a scroll of enchant armour {unknown}
 h - 2 scrolls of teleportation {unknown}
 i - 2 scrolls of amnesia {unknown}
 p - a scroll of blinking {unknown}
 q - 4 scrolls of remove curse {unknown}
Potions
 e - a potion of resistance
 z - a potion of haste
Comestibles
 d - 6 rations


   Skills:
 - Level 2.0 Fighting
 + Level 2.8 Dodging
 + Level 4.1 Unarmed Combat
 + Level 3.8 Spellcasting
 + Level 3.6 Transmutations
 + Level 1.8 Poison Magic


You had 8 spell levels left.
You knew the following spells:

 Your Spells              Type           Power        Failure   Level  Hunger
a - Beastly Appendage     Tmut           ###...       4%          1    None
b - Spider Form           Tmut/Pois      ##........   21%         3    None

Your spell library contained the following spells:

 Spells                   Type           Power        Failure   Level  Hunger
 Sticks to Snakes         Tmut           ###.....     7%          2    None
 Ice Form                 Ice/Tmut       ##......     69%         4    None
 Blade Hands              Tmut           ###.......   78%         5    None


Dungeon Overview and Level Annotations

Branches:
Dungeon (5/15)
 Temple: D:4-7

Altars:
Gozag
Ru

Shops:
D:4 [

Annotations:
D:3 Ijyb, Natasha


Innate Abilities, Weirdness & Mutations

You have extremely sharp teeth.
Your natural rate of healing is unusually fast.
When hurt, damage is shared between your health and your magic reserves.
Your bite disrupts and absorbs the magic of your enemies.
Potions cannot restore your health.
You are immune to rotting.
You have a pair of small horns on your head.
Your body sometimes deteriorates upon taking damage.


Message History

You feel frail. The horns on your head grow some more.
You feel yourself wasting away.
You feel robust.
* * * LOW HITPOINT WARNING * * *
You feel sick.
It was a potion of brilliance.
You feel clever all of a sudden.
Your horns shrink.
* * * LOW HITPOINT WARNING * * *
You feel sick.
Your magical contamination has completely faded away.
It was a potion of haste.
You feel yourself speed up.
* * * LOW HITPOINT WARNING * * *
You feel sick.
It was a potion of ambrosia.
You are confused.
Your system rejects the healing.
You feel invigorated.
You bump into the rock wall.
* * * LOW HITPOINT WARNING * * *
You feel sick.
You bump into the rock wall.
You die...

######........#
#.....
#.............
#....#
#.##.......###
....#
#.#####.#### #.#
#.# #.# #.####
###### #.# #.#..
. .....### #.#
#.#.# ...
.......#
#.#####@#.##.....
####.#.#
#........†((.....
#.#.#
############.....
#.#.# #... #.#.#
.. ####.#.#####
#........)[#
#.###..###.# #.#
#..###.##


There were no monsters in sight!

Vanquished Creatures
  2 scorpions (D:4)
  A hound (D:5)
  An orc priest (D:4)
  2 orc wizards
  2 hound skeletons (D:4)
  3 gnolls (D:2)
  5 adders (D:2)
  An adder skeleton (D:5)
  2 worms (D:2)
  2 dart slugs
  2 leopard geckos (D:2)
  7 orcs
  2 giant cockroaches
  7 goblins
  7 hobgoblins
  8 jackals
  8 kobolds
  A quokka (D:3)
  4 ball pythons
  9 bats
  4 frilled lizards
  A leopard gecko skeleton (D:4)
  11 rats
92 creatures vanquished.

Notes
Turn   | Place    | Note
-------+----------+-------------------------------------------
     0 | D:1      | Joeren the Vine Stalker Transmuter began the quest for the
                  | Orb.
     0 | D:1      | Reached XP level 1. HP: 9/9 MP: 4/4
    65 | D:1      | Reached skill level 1 in Fighting
   152 | D:1      | Reached XP level 2. HP: 10/14 MP: 6/6
   727 | D:1      | Reached XP level 3. HP: 18/18 MP: 5/7
  1314 | D:2      | Gained mutation: Your natural rate of healing is unusually
                  | fast. [Vine Stalker growth]
  1314 | D:2      | Reached XP level 4. HP: 10/22 MP: 4/9
  1801 | D:2      | Learned a level 3 spell: Spider Form
  2043 | D:2      | Found a sacrificial altar of Ru.
  2060 | D:2      | Reached XP level 5. HP: 26/26 MP: 7/10
  2176 | D:2      | Found a faded altar of an unknown god.
  2635 | D:3      | Noticed Ijyb
  2763 | D:4      | Found an opulent altar of Gozag.
  2916 | D:3      | Noticed Natasha
  3177 | D:4      | Reached skill level 1 in Poison Magic
  3177 | D:4      | Reached XP level 6. HP: 17/30 MP: 6/12
  3286 | D:5      | Entered Level 5 of the Dungeon
  3429 | D:4      | Found Ketaydeh's Antique Armour Shop.
  3448 | D:5      | Reached skill level 4 in Unarmed Combat
  3607 | D:4      | Gained mutation: You are frail. (-10% HP) [potion of
                  | mutation]
  3607 | D:4      | Gained mutation: You have a pair of large horns on your
                  | head. [potion of mutation]
  3607 | D:4      | Gained mutation: Your body sometimes deteriorates upon
                  | taking damage. [potion of mutation]
  3607 | D:4      | Lost mutation: You are frail. (-10% HP) [potion of
                  | mutation]
  3608 | D:4      | HP: 1/30 [poisoned by a scorpion]
  3613 | D:4      | Succumbed to a scorpion's poison

Levels and vault maps discovered:
D:1:      minmay_arrival_shoal_huts, layout_rooms,
          minmay_misc_feat_four_crosses, chequers_jeans, minmay_misc_feat_plants
D:2:      layout_rooms, first_ration, chequers_ecumenical_altar_grove,
          minivault_14, grunt_decor_mini_mirrors,
          nicolae_ru_great_annihilating_truth
D:3:      layout_loops_cross, uniq_ijyb, uniq_natasha, uniq_grinder
D:4:      layout_loops_ring, grunt_gozag_breadcrumbs, serial_shops,
          kennysheep_mini
D:5:      layout_basic, minmay_temple_entry_mini_moons,
          makhleb_altar_promises_db, uniq_pikel, uniq_menkaure

Skill      XL: |  1  2  3  4  5  6 |
---------------+-------------------+-----
Fighting       | 1 2 |  2.0
Dodging        | 2 |  2.8
Spellcasting   | 3 |  3.8
Transmutations | 3 |  3.6
Poison Magic   | 1 |  1.8
Unarmed Combat | 4 |  4.1

Action                   |  1- 3 |  4- 6 || total
-------------------------+-------+-------++-------
Melee: Unarmed           |    91 |   193 ||   284
       Bite              |    15 |    38 ||    53
       Kick              |    11 |    21 ||    32
       Punch             |     1 |     3 ||     4
       Headbutt          |     4 |    23 ||    27
 Fire: Hunting sling     |     5 |     4 ||     9
Throw: Stone             |     4 |     3 ||     7
 Cast: Beastly Appendage |    16 |    27 ||    43
       Spider Form       |       |     1 ||     1
 Abil: End Transformatio |     1 |       ||     1
  Use: Potion            |       |    10 ||    10
 Stab: Sleeping          |       |     1 ||     1
  Eat: Chunk             |     1 |     8 ||     9
Armor: Robe              |    15 |    30 ||    45
Dodge: Dodged            |    68 |   122 ||   190

Table legend:
 A = Non-vault XP
 B = Vault XP
 C = Vault XP percentage of total XP
 D = Non-vault monster count
 E = Vault monster count
 F = Vault count percentage of total count
                 A         B        C        D         E       F
            +---------+---------+-------+---------+---------+-------
      Total |     538 |      56 |   9.4 |      88 |       4 |   4.3
            +---------+---------+-------+---------+---------+-------
        D:1 |      39 |       0 |   0.0 |      25 |       0 |   0.0
        D:2 |     134 |      56 |  29.5 |      27 |       4 |  12.9
        D:3 |      53 |       0 |   0.0 |      24 |       0 |   0.0
        D:4 |     265 |       0 |   0.0 |      10 |       0 |   0.0
        D:5 |      47 |       0 |   0.0 |       2 |       0 |   0.0
            +---------+---------+-------+---------+---------+-------
